Map: Oxide LE

Players

ShoWTimE

  • Race: Protoss Protoss

Harstem - Winner!

  • Race: Protoss Protoss

Event: DreamHack SC2 Masters 2021 Winter

VOD

Have the link to the VOD?

Description

Time

  • Played on: Oct. 5, 2021, 12:33 p.m.
  • Length: 23:39

All games in this series

Show
View Real Time Build Order
Export as new Build Order

ShoWTimE Protoss 

Build Orders: Phoenix Opening 

Get SALT Encoding   

  12  0:00  Probe  
  13  0:12  Probe  
  14  0:17  Pylon  
  14  0:24  Probe (Chrono Boost)  
  15  0:36  Probe (Chrono Boost)  
  15  0:37  Gateway  
  16  0:44  Probe (Chrono Boost)  
  16  0:46  Assimilator  
  17  0:51  Probe  
  17  0:55  Assimilator  
  18  1:03  Probe (Chrono Boost)  
  19  1:04  Pylon  
  19  1:13  Probe (Chrono Boost)  
  20  1:18  Probe (Chrono Boost)  
  20  1:24  Cybernetics Core  
  21  1:29  Probe  
  21  1:30  Zealot  
  24  1:41  Probe  
  25  1:53  Probe  
  26  1:54  Pylon  
  26  2:00  Stalker (Chrono Boost)  
  28  2:05  Probe  
  29  2:16  Shield Battery  
  29  2:19  Stargate  
  29  2:21  Stalker (Chrono Boost)  
  29  2:28  Shield Battery  
  31  2:35  Warp Gate  
  30  2:59  Probe  
  30  3:00  Nexus  
  31  3:07  Phoenix  
  31  3:11  Probe  
  34  3:16  Pylon  
  34  3:24  Probe  
  35  3:33  Phoenix (Chrono Boost)  
  37  3:36  Probe  
  36  3:48  Probe  
  35  3:51  Phoenix (Chrono Boost)  
  35  4:00  Twilight Council, Probe  
  36  4:12  Probe (Chrono Boost)  
  36  4:15  Phoenix  
  40  4:18  Probe (Chrono Boost)  
  40  4:22  Probe (Chrono Boost)  
  41  4:24  Gateway  
  41  4:26  Probe (Chrono Boost)  
  41  4:27  Probe (Chrono Boost)  
  41  4:30  Blink (Chrono Boost)  
  43  4:36  Probe  
  44  4:39  Probe  
  45  4:45  Stalker  
  45  4:48  Probe  
  45  4:51  Probe  
  49  4:53  Pylon  
  49  4:56  Shield Battery  
  49  5:01  Probe  
  49  5:03  Probe  
  49  5:04  Gateway  
  51  5:08  Stalker  
  51  5:13  Probe  
  54  5:15  Probe  
  55  5:23  Pylon  
  55  5:25  Probe  
  55  5:27  Stalker, Probe  
  59  5:34  Forge  
  59  5:36  Nexus  
  59  5:42  Gateway, Probe  
  60  5:48  Probe  
  61  5:50  Stalker  
  61  5:51  Stalker  
  61  5:54  Shield Battery  
  61  5:55  Protoss Ground Weapons Level 1 (Chrono Boost)  
  61  5:56  Probe  
  66  6:02  Assimilator  
  66  6:05  Robotics Facility, Probe  
  66  6:08  Probe  
  68  6:14  Stalker  
  68  6:17  Shield Battery  
  70  6:23  Pylon  
  70  6:33  Gateway  
  70  6:34  Gateway, Charge (Chrono Boost)  
  70  6:37  Gateway  
  70  6:42  Stalker  
  70  6:45  Probe x2  
  73  6:56  Stalker x2  
  73  6:57  Probe (Chrono Boost)  
  73  6:58  Observer  
  73  6:59  Probe (Chrono Boost)  
  73  7:00  Probe (Chrono Boost)  
  79  7:04  Stalker  
  83  7:08  Probe (Chrono Boost)  
  83  7:09  Probe (Chrono Boost), Pylon  
  83  7:12  Probe (Chrono Boost)  
  83  7:13  Probe (Chrono Boost)  
  83  7:14  Probe (Chrono Boost)  
  85  7:21  Stalker, Probe  
  85  7:22  Stalker  
  91  7:23  Probe  
  91  7:25  Probe  
  91  7:27  Pylon  
  91  7:28  Assimilator  
  91  7:32  Assimilator  
  91  7:33  Stalker  
  91  7:34  Stalker  
  97  7:42  Gateway  
  95  7:45  Gateway  
  95  7:46  Stalker, Zealot  
  95  7:47  Zealot  
  95  7:50  Shield Battery  
  101  7:53  Immortal (Chrono Boost)  
  101  7:55  Protoss Ground Weapons Level 2 (Chrono Boost)  
  105  8:09  Stalker x2, Zealot  
  109  8:14  Pylon  
  109  8:16  Pylon x2  
  109  8:23  Pylon  
  109  8:26  Pylon  
  109  8:30  Templar Archives  
  109  8:33  Zealot x3  
  115  8:34  Probe x2  
  115  8:35  Probe  
  115  8:38  Assimilator  
  118  8:47  Warp Prism (Chrono Boost)  
  120  8:57  Zealot x5  
  129  9:02  Pylon  
  129  9:03  Pylon  
  129  9:07  High Templar x2  
  133  9:11  Archon  
  133  9:14  Pylon  
  133  9:16  High Templar x2  
  137  9:20  Nexus  
  137  9:21  Archon  
  137  9:23  Sentry  
  137  9:24  Zealot, Pylon  
  141  9:32  Zealot x3  
  141  9:37  Shield Battery  
  143  9:46  High Templar  
  143  9:47  Zealot x2, High Templar  
  143  9:51  Archon  
  151  9:54  Zealot x2  
  151  9:55  Zealot, Pylon  
  151  9:56  Probe  
  151  9:57  Probe  
  151  9:58  Probe  
  151  9:59  Observer (Chrono Boost)  
  154  10:04  High Templar  
  154  10:05  High Templar  
  156  10:09  Archon, Probe x2  
  156  10:10  Probe  
  159  10:14  Zealot x2  
  163  10:25  Zealot x2, High Templar x2  
  163  10:26  Zealot  
  171  10:30  Observer, Archon  
  171  10:34  Probe x3  
  173  10:38  Zealot x3  
  179  10:47  Zealot x3  
  183  10:51  Observer  
  166  10:57  Zealot x2  
  150  11:16  Probe  
  147  11:19  Zealot x8  
  147  11:20  Zealot  
  147  11:24  Probe  
  165  11:25  Probe  
  165  11:26  Probe  
  165  11:28  Probe  
  165  11:31  Robotics Bay  
  167  11:36  Probe  
  167  11:37  Probe  
  167  11:39  Probe  
  167  11:47  Robotics Facility, Stalker  
  167  11:48  Stalker x3  
  167  11:50  Probe x2  
  167  11:52  Probe  
  178  12:04  Stalker x4  
  178  12:06  Probe  
  187  12:09  Protoss Ground Weapons Level 3 (Chrono Boost)  
  188  12:25  Disruptor (Chrono Boost)  
  188  12:27  Zealot x3  
  183  12:33  Zealot x3  
  183  12:36  Disruptor (Chrono Boost)  
  184  12:44  Stalker x3  
  175  12:54  Disruptor (Chrono Boost)  
  175  12:55  Zealot x4  
  175  12:56  Zealot  
  166  13:05  Disruptor  
  128  13:30  Observer, Nexus  
  128  13:31  Stalker x4  
  137  13:36  Stalker  
  137  13:41  Disruptor  
  140  13:50  Stalker x3  
  140  13:51  Disruptor  
  140  13:54  Probe  
  148  14:06  Stalker x3  
  151  14:15  Observer  
  139  14:22  Stalker x4  
  139  14:28  Disruptor  
  139  14:30  Zealot  
  142  14:33  Zealot  
  144  14:38  Dark Shrine  
  142  14:50  Stalker x3  
  142  14:55  Disruptor (Chrono Boost)  
  142  14:59  Photon Cannon  
  145  15:01  Assimilator  
  145  15:06  Zealot, Assimilator  
  147  15:09  Disruptor (Chrono Boost)  
  147  15:11  Zealot  
  147  15:12  Zealot x2  
  156  15:24  Photon Cannon  
  156  15:26  Photon Cannon, Gravitic Boosters (Chrono Boost)  
  156  15:27  Disruptor (Chrono Boost), Pylon  
  156  15:34  Stalker x2, Observer  
  163  15:39  Observer, Disruptor (Chrono Boost)  
  165  15:56  Stalker x4  
  170  16:12  Nexus  
  170  16:17  Observer (Chrono Boost)  
  170  16:18  Disruptor (Chrono Boost)  
  173  16:22  Zealot x8  
  183  16:38  Stalker  
  185  16:42  Stalker x2  
  185  16:43  Stalker x3  
  191  16:53  Pylon  
  187  16:56  Disruptor  
  187  17:01  Stalker x2  
  179  17:09  Observer  
  167  17:25  Nexus  
  167  17:28  Observer  
  158  17:32  Stalker x5  
  168  17:39  Observer  
  168  17:40  Observer  
  153  17:45  Stalker  
  153  17:48  Probe  
  144  18:02  Stalker x4  
  145  18:07  Stalker  
  146  18:13  Probe  
  146  18:14  Probe x2  
  145  18:22  Zealot x3, Probe  
  145  18:26  Probe x2  
  155  18:27  Probe  
  154  18:37  Stalker x5  
  163  18:44  Probe  
  163  18:45  Observer  
  161  18:52  Stalker  
  161  18:53  Stalker  
  161  18:58  Observer  
  161  19:01  Zealot  
  161  19:02  Zealot x6  
  176  19:14  Observer  
  164  19:24  Observer  
  164  19:25  Stalker x3  
  142  19:41  Stalker x3  
  142  19:42  Stalker  
  142  19:45  Assimilator  
  150  19:46  Assimilator  
  148  20:04  Stalker x4  
  154  20:09  Stalker  
  155  20:23  Disruptor  
  158  20:30  Zealot x5  
  158  20:31  Zealot x2  
  158  20:35  Photon Cannon  
  172  20:38  Photon Cannon  
  172  20:40  Photon Cannon  
  172  20:42  Shield Battery  
  156  20:44  Pylon  
  156  20:45  Zealot x2  
  140  20:50  Disruptor  
  140  20:56  Zealot x2  
  127  21:22  Stalker x3  
  129  21:36  Zealot  
  131  21:42  Observer  
  131  21:44  Disruptor (Chrono Boost)  
  132  21:56  Disruptor (Chrono Boost)  
  122  22:14  Zealot x3  
Show
View Real Time Build Order
Export as new Build Order

Harstem Protoss - Winner!

Build Orders: Oracle Opening 

Get SALT Encoding   

  12  0:00  Probe  
  13  0:12  Probe  
  14  0:19  Pylon  
  14  0:24  Probe (Chrono Boost)  
  15  0:37  Probe (Chrono Boost)  
  15  0:38  Gateway  
  16  0:45  Probe (Chrono Boost)  
  16  0:47  Assimilator  
  17  0:51  Probe  
  18  0:58  Assimilator  
  18  1:03  Probe (Chrono Boost)  
  19  1:11  Pylon  
  19  1:15  Probe (Chrono Boost)  
  20  1:20  Probe (Chrono Boost)  
  21  1:25  Cybernetics Core  
  21  1:29  Probe  
  25  1:51  Nexus  
  25  1:53  Probe  
  23  2:02  Stalker (Chrono Boost)  
  25  2:12  Probe  
  26  2:18  Stargate  
  26  2:22  Pylon  
  26  2:29  Shield Battery  
  26  2:32  Probe  
  27  2:51  Pylon  
  27  2:52  Gateway  
  27  2:54  Probe  
  27  2:58  Void Ray (Chrono Boost)  
  31  3:14  Shield Battery  
  31  3:21  Probe  
  32  3:27  Pylon  
  32  3:28  Pylon  
  32  3:39  Oracle (Chrono Boost)  
  32  3:41  Probe  
  32  3:44  Stalker  
  35  3:53  Probe x2  
  37  3:55  Warp Gate  
  37  4:05  Probe  
  37  4:06  Probe  
  37  4:09  Pylon  
  39  4:16  Stalker  
  41  4:17  Probe  
  41  4:18  Probe  
  43  4:24  Twilight Council  
  43  4:29  Probe (Chrono Boost)  
  44  4:35  Probe (Chrono Boost)  
  44  4:38  Gateway  
  45  4:41  Probe (Chrono Boost)  
  47  4:48  Probe x2 (Chrono Boost)  
  47  4:51  Forge  
  48  4:55  Blink (Chrono Boost)  
  48  4:56  Probe x2  
  50  5:05  Pylon  
  50  5:08  Probe x2  
  52  5:20  Probe x2  
  53  5:32  Probe x2, Protoss Ground Weapons Level 1 (Chrono Boost)  
  55  5:41  Gateway x2  
  55  5:43  Stalker  
  55  5:44  Stalker, Probe  
  55  5:48  Assimilator  
  61  5:55  Nexus  
  60  5:57  Probe  
  60  5:58  Probe  
  60  6:00  Pylon  
  62  6:09  Stalker, Probe  
  62  6:10  Probe, Pylon  
  66  6:17  Stalker  
  68  6:21  Probe  
  68  6:22  Probe  
  70  6:26  Robotics Facility  
  70  6:32  Stalker  
  70  6:33  Probe  
  70  6:36  Stalker x2  
  70  6:39  Pylon  
  77  6:45  Shield Battery  
  77  6:49  Probe  
  75  6:54  Stalker  
  75  6:56  Probe, Charge (Chrono Boost)  
  78  7:01  Probe  
  78  7:04  Gateway  
  78  7:08  Gateway, Probe x2  
  81  7:13  Observer  
  81  7:15  Probe  
  81  7:25  Probe, Protoss Ground Weapons Level 2 (Chrono Boost)  
  81  7:27  Probe  
  81  7:29  Stalker  
  84  7:30  Stalker x3  
  89  7:37  Warp Prism (Chrono Boost), Probe  
  92  7:46  Gateway  
  92  7:47  Shield Battery  
  92  7:48  Probe  
  92  7:50  Pylon  
  93  7:53  Sentry  
  93  7:54  Zealot  
  97  8:01  Pylon  
  97  8:02  Zealot x3  
  103  8:11  Zealot  
  105  8:14  Pylon  
  105  8:15  Dark Shrine  
  105  8:20  Nexus  
  105  8:22  Pylon  
  105  8:23  Probe  
  106  8:29  Zealot x2  
  106  8:30  Zealot  
  112  8:34  Zealot  
  112  8:35  Zealot  
  112  8:36  Probe x2  
  112  8:38  Observer  
  119  8:42  Assimilator  
  119  8:43  Observer  
  119  8:44  Stalker x2  
  123  8:52  Photon Cannon, Probe  
  123  8:54  Probe  
  123  8:55  Assimilator  
  123  8:58  Zealot x2  
  125  9:11  Zealot x3  
  125  9:12  Probe  
  125  9:13  Probe  
  125  9:16  Robotics Bay  
  125  9:17  Robotics Facility  
  133  9:24  Probe  
  133  9:26  Pylon  
  133  9:31  Probe  
  135  9:33  Dark Templar x2  
  135  9:34  Dark Templar  
  135  9:35  Zealot  
  135  9:37  Zealot  
  145  9:45  Zealot x2  
  149  9:47  Protoss Ground Weapons Level 3 (Chrono Boost)  
  147  10:02  Observer, Probe  
  147  10:04  Photon Cannon  
  147  10:05  Probe  
  147  10:06  Photon Cannon  
  149  10:08  Shield Battery  
  149  10:09  Zealot x5, Dark Templar  
  149  10:11  Disruptor (Chrono Boost)  
  164  10:30  Probe x2  
  164  10:31  Pylon  
  164  10:33  Pylon  
  164  10:34  Pylon  
  164  10:35  Pylon  
  164  10:38  Gateway  
  164  10:48  Disruptor x2  
  164  10:49  Probe x3  
  159  11:00  Zealot x7  
  163  11:11  Probe, Pylon  
  152  11:16  Probe  
  152  11:21  Disruptor x2 (Chrono Boost)  
  152  11:22  Zealot x7  
  152  11:25  Photon Cannon  
  172  11:28  Photon Cannon  
  166  11:41  Dark Templar  
  166  11:43  Zealot x5  
  166  11:44  Zealot  
  178  11:47  Disruptor (Chrono Boost)  
  178  11:50  Probe  
  178  11:52  Photon Cannon  
  181  11:57  Assimilator, Disruptor (Chrono Boost)  
  181  11:58  Assimilator  
  181  11:59  Zealot  
  178  12:07  Dark Templar x3  
  178  12:08  Zealot x3  
  190  12:09  Probe  
  190  12:12  Pylon  
  190  12:14  Photon Cannon  
  191  12:16  Observer  
  192  12:24  Stalker  
  192  12:25  Stalker  
  196  12:31  Stalker x2  
  161  13:07  Stalker x8  
  153  13:16  Immortal (Chrono Boost)  
  153  13:18  Protoss Ground Armor Level 1 (Chrono Boost)  
  157  13:20  Immortal (Chrono Boost), Gateway  
  157  13:23  Gateway  
  142  13:30  Zealot x6  
  142  13:31  Zealot x2  
  148  13:45  Disruptor (Chrono Boost)  
  147  13:48  Disruptor (Chrono Boost)  
  147  13:50  Stalker x2  
  147  13:51  Stalker x6  
  166  14:13  Zealot x2  
  166  14:14  Zealot x6  
  159  14:18  Observer (Chrono Boost), Disruptor (Chrono Boost)  
  156  14:26  Stalker x2  
  158  14:35  Disruptor (Chrono Boost)  
  158  14:37  Zealot x2, Dark Templar x2  
  158  14:38  Zealot x4  
  171  14:47  Observer (Chrono Boost)  
  172  15:00  Zealot x6  
  172  15:01  Zealot  
  172  15:02  Dark Templar  
  172  15:04  Disruptor  
  191  15:09  Observer  
  192  15:20  Dark Templar x2  
  188  15:23  Gravitic Boosters (Chrono Boost)  
  188  15:27  Nexus  
  188  15:28  Zealot x3  
  188  15:30  Observer  
  191  15:36  Dark Templar  
  192  15:48  Stalker x3  
  192  15:49  Stalker x2  
  196  16:11  Stalker x3  
  196  16:12  Pylon  
  196  16:14  Stalker  
  196  16:15  Stalker x3  
  187  16:34  Stalker x5  
  187  16:39  Dark Templar  
  191  16:50  Zealot x3, Dark Templar  
  193  16:57  Disruptor  
  193  17:00  Zealot  
  186  17:29  Stalker x3  
  186  17:30  Stalker x3  
  186  17:31  Observer  
  186  17:36  Nexus  
  189  17:37  Disruptor  
  192  17:44  Disruptor  
  192  17:50  Probe  
  196  17:51  Pylon  
  173  18:13  Disruptor  
  172  18:20  Disruptor  
  172  18:23  Zealot x7  
  183  18:39  Zealot  
  183  18:40  Zealot x2  
  187  18:52  Observer  
  184  18:56  Stalker x4  
  195  19:08  Disruptor (Chrono Boost)  
  195  19:09  Disruptor (Chrono Boost)  
  186  19:17  Dark Templar  
  171  19:32  Zealot x3, Dark Templar  
  171  19:33  Zealot x3  
  181  19:39  Zealot, Dark Templar  
  185  19:52  Pylon  
  185  19:59  Photon Cannon  
  179  20:05  Observer  
  173  20:12  Observer  
  173  20:19  Disruptor (Chrono Boost)  
  162  20:45  Zealot x4, Dark Templar  
  162  20:46  Stalker x4, Zealot  
  162  20:48  Disruptor  
  167  21:03  Observer  
  145  21:16  Nexus  
  145  21:24  Observer (Chrono Boost)  
  136  21:42  Observer (Chrono Boost)  
  135  21:57  Observer  
  122  22:41  Nexus  
  108  22:59  Observer  

Tags
 
Add a new tag
Caveats
  • Supply blocks, unpowered buildings, or Contaminate may cause inaccurate times.
  • Supply counts are checked every 10 seconds.